 Dungeon Crawl Stone Soup version 0.31-a0-303-gdc8c9485ea (webtiles) character file.

Game seed: 9675319822750448032

271588 Strat the Phalangite (level 21, -12/169 (172) HPs)
             Began as a Human Monk on July 16, 2023.
             Was the Champion of Nemelex Xobeh.
             Mangled by a saltling (19 damage)
             ... in the Desolation of Salt.
             The game lasted 02:14:06 (42025 turns).

Strat the Phalangite (Human Monk)                  Turns: 42025, Time: 02:14:07

HP:   -12/169 (172) AC: 21    Str: 19    XL:     21   Next: 9%
MP:   32/32         EV: 25    Int: 14    God:    Nemelex Xobeh [******]
Gold: 1038          SH:  0    Dex: 22    Spells: 7/20 levels left

rFire   + . .        a - +6 bardiche (flame)
rCold   . . .        (shield currently unavailable)
rNeg    + . .        L - +0 acid dragon scales
rPois   +            G - +2 hat {Will+}
rElec   .            l - +2 cloak {rPois}
rCorr   +            H - +2 pair of gloves {Dex+3}
SInv    .            S - +2 pair of boots
Will    ++...        u - amulet of regeneration
Stlth   +            K - ring of Obsession {rF+ rN+ Int+3}
HPRegen 1.28/turn    z - +5 ring of evasion
MPRegen 0.23/turn

%: no passive effects
@: about to teleport, slowed, lightly drained, very slow
A: no striking features
}: 2/15 runes: barnacled, gossamer
a: Renounce Religion, Draw Escape, Draw Destruction, Draw Summoning, Triple
Draw, Deal Four, Stack Five


You were in the Desolation of Salt.
You worshipped Nemelex Xobeh.
Nemelex Xobeh was exalted by your worship.
You visited 6 branches of the dungeon, and saw 32 of its levels.
You visited 1 bazaar.
You also visited: Bailey, Gauntlet, Ice Cave and Desolation.

You collected 3016 gold pieces.
You spent 1978 gold pieces at shops.

Inventory:

Hand Weapons
 a - a +6 bardiche of flaming (weapon)
 b - a +2 scythe of freezing
 I - a +3 glaive of freezing
 V - a +1 heavy trident
Armour
 l - a +2 cloak of poison resistance (worn)
 n - the +1 pair of gloves of Gozag's Hatred {*Corrode rElec Will+}
   (You found it in a Gauntlet)

   rElec:     It insulates you from electricity.
   *Corrode:  It may corrode you when you take damage.
   Will:      It increases your willpower.
 G - a +2 hat of willpower (worn)
 H - a +2 pair of gloves of dexterity (worn)
 L - +0 acid dragon scales (worn)
 S - a +2 pair of boots (worn)
Jewellery
 d - a ring of willpower
 e - an amulet of reflection
 h - a ring of protection from fire
 j - a ring of poison resistance
 u - an amulet of regeneration (around neck)
 z - a +5 ring of evasion (right hand)
 A - a ring of positive energy
 K - the ring of Obsession (left hand) {rF+ rN+ Int+3}
   (You bought it in a shop on level 1 of the Vaults)

   [ring of protection from fire]

   Int:       It affects your intelligence (+3).
   rF:        It protects you from fire.
   rN:        It protects you from negative energy.
 R - a ring of resist corrosion
 U - a +4 ring of protection
Wands
 q - a wand of flame (18)
 v - a wand of polymorph (8)
 B - a wand of paralysis (16)
 N - a wand of digging (2)
 T - a wand of quicksilver (9)
Scrolls
 g - 4 scrolls of poison
 i - 4 scrolls of vulnerability
 r - 3 scrolls of torment
 s - 4 scrolls of amnesia
 x - 3 scrolls of brand weapon
 y - 13 scrolls of teleportation
 C - 3 scrolls of fog
 D - 5 scrolls of enchant armour
 Q - 18 scrolls of identify
 W - a scroll of blinking
 X - a scroll of revelation
Potions
 c - 6 potions of ambrosia
 k - 3 potions of enlightenment
 m - 5 potions of curing
 o - 5 potions of magic
 t - 5 potions of mutation
 w - 2 potions of resistance
 E - 2 potions of cancellation
 F - 3 potions of lignification
 J - 2 potions of brilliance
 M - 3 potions of might
 O - a potion of haste
Miscellaneous
 f - a lightning rod (4/4)
 p - a phantom mirror
 P - a sack of spiders


   Skills:
 + Level 16.7 Fighting
 * Level 23.1 Polearms
 - Level 10.0 Armour
 + Level 11.2 Dodging
 - Level 6.1 Hexes
 - Level 5.0 Translocations
 + Level 15.9 Invocations
 - Level 6.0 Evocations


You had 7 spell levels left.
You knew the following spells:

 Your Spells              Type           Power      Damage    Failure   Level
a - Apportation           Tloc           28%        N/A       4%          1
b - Blink                 Tloc           28%        N/A       7%          2
c - Confusing Touch       Hex            17%        N/A       9%          3
d - Yara's Violent Unrav  Hex/Tmut       4%         3d4       95%         5
e - Lesser Beckoning      Tloc           28%        N/A       7%          2

Your spell library contained the following spells:

 Spells                   Type           Power      Damage    Failure   Level
 Slow                     Hex            68%        N/A       2%          1
 Momentum Strike          Conj/Tloc      14%        3d8       19%         2
 Dazzling Flash           Conj/Hex       16%        N/A       30%         3
 Inner Flame              Hex/Fire       8%         N/A       30%         3
 Summon Guardian Golem    Hex/Summ       8%         N/A       30%         3
 Freeze                   Ice            0%         1d3       34%         1
 Kiss of Death            Conj/Necr      0%         2d5       34%         1
 Magic Dart               Conj           0%         1d3       34%         1
 Shock                    Conj/Air       0%         1d3       34%         1
 Volatile Blastmotes      Fire/Tloc      14%        2d11      36%         3
 Manifold Assault         Tloc           14%        N/A       41%         4
 Call Imp                 Summ           0%         N/A       47%         2
 Cigotuvi's Dreadful Rot  Necr/Pois/Air  0%         N/A       47%         2
 Scorch                   Fire           0%         2d5       47%         2
 Searing Ray              Conj           0%         2d4       47%         2
 Wereblood                Tmut           0%         N/A       47%         2
 Fulminant Prism          Conj/Hex       4%         3d5       69%         4
 Leda's Liquefaction      Hex/Erth       4%         N/A       69%         4
 Frozen Ramparts          Ice            0%         1d1       71%         3
 Hailstorm                Conj/Ice       0%         3d3       71%         3
 Ozocubu's Armour         Ice            0%         N/A       71%         3
 Swiftness                Air            0%         N/A       71%         3
 Vampiric Draining        Necr           0%         2d6       71%         3
 Iskenderun's Mystic Bla  Conj/Tloc      7%         2d4       77%         4
 Silence                  Hex/Air        4%         N/A       95%         5
 Airstrike                Air            0%         2d(0-16)  98%         4
 Dispel Undead            Necr           0%         3d6       98%         4
 Flame Wave               Conj/Fire      0%         2d4       98%         4
 Sticky Flame             Conj/Fire      0%         2d3       98%         4
 Summon Ice Beast         Ice/Summ       0%         N/A       98%         4
 Agony                    Necr           0%         N/A       100%        5
 Alistair's Intoxication  Tmut/Pois      0%         N/A       100%        5
 Irradiate                Conj/Tmut      0%         3d11      100%        5
 Iskenderun's Battlesphe  Conj           0%         2d6       100%        5
 Lee's Rapid Deconstruct  Erth           0%         3d4*      100%        5
 Death Channel            Necr           0%         N/A       100%        6
 Leda's Unmaking          Conj/Erth      0%         9d1       100%        6
 Summon Cactus Giant      Summ           0%         N/A       100%        6
 Enfeeble                 Hex            8%         N/A       100%        7
 Orb of Destruction       Conj           0%         9d5       100%        7
 Ozocubu's Refrigeration  Ice            0%         4d7       100%        7
 Spellforged Servitor     Conj/Summ      0%         N/A       100%        7
 Summon Horrible Things   Summ           0%         N/A       100%        8
 Chain Lightning          Conj/Air       0%         N/A       100%        9
 Fire Storm               Conj/Fire      0%         5d1       100%        9
 Shatter                  Erth           0%         3d5*      100%        9


Dungeon Overview and Level Annotations

Branches:
Dungeon (15/15)            Temple (0/1) D:7            Lair (5/5) D:11
 Shoals (4/4) Lair:3       Spider (4/4) Lair:2        Slime (0/5) Lair:4
    Orc (2/2) D:12            Elf (0/3) Orc:2        Vaults (2/5) D:13
 Depths (0/4) D:15         Bailey (visited)           IceCv (visited)
Desolation (1/1)          Gauntlet (visited)
  Crypt: Vaults:2-3

Altars:
Cheibriados
Fedhas
Kikubaaqudgha
Makhleb
Nemelex Xobeh
Qazlal
Sif Muna
Uskayaw
Zin
The Shining One
Jiyva

Shops:
D:6 ?   D:9 [[   Orc:1 [   Orc:2 !(*:   Shoals:2 :[   Shoals:3 (   Vaults:1 =

Portals:
Trove: D:13 (give 12 potions of heal wounds)

Annotations:
D:7 2 runed translucent doors, petzl's ghost, novice FoDe
Shoals:1 2 transporters, Onluw's ghost, adept DsWn
Spider:2 Roxanne


Message History

* * * LOW HITPOINT WARNING * * *
The peacekeeper closely misses you. x2
The servant of whispers completely misses you.
The saltling hits you!!
* * * LOW HITPOINT WARNING * * *
You barely miss the servant of whispers.
The servant of whispers is heavily wounded.
The peacekeeper completely misses you. The peacekeeper barely misses you.
The saltling completely misses you.
The servant of whispers barely misses you. x2
The saltling misses you. The peacekeeper bites you.
* * * LOW HITPOINT WARNING * * *
The peacekeeper closely misses you. The saltling completely misses you.
You slash the servant of whispers! You burn the servant of whispers.
The servant of whispers is severely wounded.
The saltling barely misses you. The peacekeeper completely misses you.
The peacekeeper closely misses you. The saltling hits you!!
* * * LOW HITPOINT WARNING * * *
The servant of whispers hits you but does no damage.
The servant of whispers misses you. The saltling misses you.
As you read the scroll of teleportation, it crumbles to dust.
You feel strangely unstable. The peacekeeper bites you!
* * * LOW HITPOINT WARNING * * *
The peacekeeper closely misses you. The saltling completely misses you.
The saltling hits you!
* * * LOW HITPOINT WARNING * * *
The servant of whispers calls down the wrath of its god upon you.
The bolt of lightning hits you!!
* * * LOW HITPOINT WARNING * * *
The servant of whispers hits you but does no damage.
The peacekeeper misses you. x2; The saltling misses you.
The saltling hits you but does no damage.
The saltling hits you!!
* * * LOW HITPOINT WARNING * * *
The servant of whispers barely misses you.
The servant of whispers hits you but does no damage.
The peacekeeper completely misses you. The peacekeeper misses you.
The saltling hits you!!
You die...
Your body glows with a rainbow of weird colours and disappears.

............... ......#..
....................a.9.S
........#.........9.....)
.........................
.........................
8........................
.........a............#..
.......99a.............#.
......#9@9...............
................ ........
................ ........
################ ########
################ ########
################ ########
############### ########
############### ########


You could see 2 servants of whispers, a peacekeeper and 3 saltlings.

Vanquished Creatures
  Arachne (Spider:4)
  Asterion (Vaults:1)
  A titan (Shoals:4)
  A fenstrider witch (Vaults:1)
  Donald (Vaults:1)
  Aizul (Vaults:1)
  3 emperor scorpions
  3 ghost moths
  A vault warden (Vaults:1)
  Louise (Spider:4)
  An imperial myrmidon (Desolation)
  A formless jellyfish (Vaults:1)
  2 orc warlords
  An ironbound thunderhulk (Vaults:1)
  4 broodmothers
  8 ironbound preservers
  A stone giant (Shoals:3)
  A dire elephant (Vaults:1)
  A halazid warlock (Desolation)
  4 spark wasps
  A crystal guardian (Desolation)
  A green death (IceCv)
  An ettin (Spider:1)
  3 merfolk javelineers (Shoals:4)
  6 merfolk impalers
  5 entropy weavers
  A ragged hierophant (Desolation)
  4 hydras
  2 yaktaur captains (Vaults:1)
  A great orb of eyes (Vaults:1)
  6 peacekeepers (Desolation)
  3 servants of whispers (Desolation)
  6 jorogumos (Spider:1)
  2 merfolk avatars
  5 centaur warriors (Vaults:1)
  2 ogre magi
  A catoblepas (Gauntlet)
  6 merfolk aquamancers
  2 ironbound frosthearts (Vaults:1)
  6 boulder beetles
  A radroach (Spider:3)
  A satyr (Shoals:3)
  5 two-headed ogres
  A tengu warrior (D:14)
  4 death yaks (Lair:2)
  A death scarab (Spider:4)
  5 orc high priests (Orc:2)
  8 demonic crawlers
  Urug (D:12)
  A soul eater (D:11)
  A skyshark (Lair:5)
  A fire crab (shapeshifter) (D:15)
  A death drake (Gauntlet)
  7 pharaoh ants
  8 skeletal warriors
  4 sun moths
  6 sea snakes
  20 deep trolls
  A glowing orange brain (Spider:2)
  12 orb spiders
  A deep elf archer (D:13)
  A deep elf zephyrmancer (D:13)
  4 lindwurms (Vaults:1)
  A phantasmal warrior (D:15)
  8 steelbarb worms
  A necromancer (D:15)
  3 ironbound convokers (Vaults:1)
  25 harpies
  3 wizards
  A frost giant zombie (D:15)
  4 orc knights
  2 deep elf pyromancers (D:13)
  2 stone giant zombies (D:15)
  5 fauns
  A salamander (Orc:1)
  27 wolf spiders
  12 cyclopes
  11 merfolk sirens
  12 manticores
  4 moths of wrath
  2 ice statues (IceCv)
  12 elephants
  2 vault sentinels (Vaults:1)
  7 water nymphs
  A guardian serpent (Desolation)
  A rust devil (D:11)
  3 centaur skeletons (D:13)
  A gargoyle (D:12)
  4 black mambas (Lair:5)
  5 torpor snails
  2 efreet
  10 cane toads
  A rime drake (Lair:5)
  6 komodo dragons
  Psyche (D:12)
  3 anaconda simulacra (IceCv)
  4 kobold demonologists
  6 yaktaurs (Vaults:1)
  3 freezing wraiths
  6 ice devils
  A red devil (D:11)
  A tengu conjurer (D:14)
  16 merfolk
  5 polar bears
  3 trolls
  9 wind drakes
  Prince Ribbit (D:6)
  15 tarantellas
  7 hornets
  4 dream sheep
  38 saltlings (Desolation)
  25 blink frogs
  5 slime creatures (D:13)
  6 snapping turtles
  21 culicivoras
  12 spriggans (Lair:5)
  25 jumping spiders
  2 wraiths
  6 air elementals (Shoals:4)
  A dire elephant simulacrum (IceCv)
  16 water elementals
  An ettin skeleton (D:15)
  3 wyverns
  49 yaks
  2 fire elementals (Spider:2)
  5 basilisks
  A neqoxec (D:11)
  A death yak simulacrum (IceCv)
  67 redbacks
  3 vampire mosquitoes (D:7)
  3 harpy simulacra (IceCv)
  3 hydra simulacra (IceCv)
  2 wargs
  An acid dragon (D:10)
  17 water moccasins
  3 hell hounds (Spider:2)
  3 ice beasts
  39 orc warriors
  2 sky beasts
  8 black bears
  33 wolves
  18 ogres
  3 boggarts
  2 centaurs
  3 phantoms
  9 kobold brigands
  A gnoll sergeant (D:8)
  10 bullfrogs
  9 scorpions
  Dowan (D:7)
  7 killer bees
  6 howler monkeys
  5 electric eels
  3 quasits (D:11)
  30 orc priests
  3 jellies
  Crazy Yiuf (D:6)
  5 hounds
  4 sleepcaps
  6 iguanas
  15 orc wizards
  7 hell rats (Lair:4)
  A troll simulacrum (IceCv)
  A boggart skeleton (D:13)
  17 gnolls
  17 adders
  5 shadow imps
  5 white imps
  2 ufetubi (IceCv)
  3 worms
  2 dart slugs
  82 orcs
  6 bats
  4 endoplasms
  5 giant cockroaches
  21 goblins
  20 hobgoblins
  8 jackals
  3 quokkas (D:3)
  9 ball pythons
  5 frilled lizards
  41 kobolds
  3 rats (D:1)
1272 creatures vanquished.

Vanquished Creatures (collateral kills)
  Mlioglotl (Shoals:2)
  Jorgrun (Orc:1)
  A ghost moth (Spider:4)
  2 dire elephants (Vaults:1)
  Azrael (Spider:2)
  2 minotaurs
  Snorg (D:11)
  Fannar (D:12)
  A ragged hierophant (Desolation)
  A merfolk impaler (Shoals:3)
  A servant of whispers (Desolation)
  A peacekeeper (Desolation)
  A boulder beetle (D:11)
  A merfolk aquamancer (Shoals:2)
  2 centaur warriors (D:13)
  A sun demon (D:11)
  An orb spider (Spider:4)
  An orc sorcerer (Orc:1)
  A cyclops (D:13)
  A manticore (Shoals:3)
  A spectral centaur (Gauntlet)
  4 fauns
  A guardian serpent (Desolation)
  An unseen horror (Orc:1)
  2 komodo dragons
  2 yaktaurs
  A tarantella (Spider:4)
  A troll (D:13)
  A snapping turtle (Shoals:3)
  2 jumping spiders
  A fire elemental (Spider:2)
  A golden eye (Spider:2)
  8 redbacks
  A chaos spawn (D:11)
  A steam dragon (Orc:1)
  2 orc warriors (Orc:1)
  An ogre (Orc:1)
  A boggart (Orc:1)
  7 centaurs (D:13)
  A howler monkey (Orc:1)
  An orc priest (Orc:1)
  4 orc wizards (Orc:1)
  13 orcs
  A rat (Orc:1)
82 creatures vanquished.

Vanquished Creatures (others)
  A lindwurm (Vaults:1)
  Duvessa (D:7)
  An orc wizard (D:7)
  4 orcs (D:7)
7 creatures vanquished.

Grand Total: 1361 creatures vanquished

Notes
Turn   | Place    | Note
-------+----------+-------------------------------------------
     0 | D:1      | Strat the Human Monk began the quest for the Orb.
     0 | D:1      | Reached XP level 1. HP: 18/18 MP: 1/1
    46 | D:1      | Reached XP level 2. HP: 23/24 MP: 2/2
   276 | D:1      | Reached XP level 3. HP: 27/29 MP: 3/3
  1405 | D:2      | Reached XP level 4. HP: 35/35 MP: 4/4
  1451 | D:2      | Reached skill level 4 in Polearms
  2012 | D:3      | Reached XP level 5. HP: 41/41 MP: 5/5
  2024 | D:3      | Found a hide-covered altar of Uskayaw.
  2660 | D:3      | Found a sparkling altar of Nemelex Xobeh.
  2666 | D:3      | Found a glowing golden altar of the Shining One.
  2668 | D:3      | Found a shimmering blue altar of Sif Muna.
  2672 | D:3      | Became a worshipper of Nemelex Xobeh the Trickster
  2672 | D:3      | Reached * piety under Nemelex Xobeh
  2672 | D:3      | Received a gift from Nemelex Xobeh
  2672 | D:3      | Reached ** piety under Nemelex Xobeh
  2771 | D:3      | Learned a level 1 spell: Apportation
  2904 | D:3      | Reached XP level 6. HP: 37/43 MP: 6/6
  3077 | D:4      | Reached skill level 5 in Polearms
  3197 | D:4      | Received a gift from Nemelex Xobeh
  3590 | D:4      | Reached XP level 7. HP: 55/55 MP: 7/7
  3831 | D:5      | Entered Level 5 of the Dungeon
  3915 | D:5      | Reached skill level 6 in Polearms
  3935 | D:5      | Reached skill level 5 in Dodging
  3995 | D:5      | Identified the +1 leather armour "Suwko" {-Cast rElec rC++
                  | Regen+}
  4021 | D:5      | Reached *** piety under Nemelex Xobeh
  4036 | D:5      | Received a gift from Nemelex Xobeh
  4150 | D:5      | Reached skill level 5 in Fighting
  4150 | D:5      | Reached XP level 8. HP: 62/62 MP: 8/8
  4167 | D:5      | Noticed Edmund
  4314 | D:5      | Reached skill level 7 in Polearms
  4333 | D:5      | Noticed a hornet
  4333 | D:5      | Noticed a yak
  4339 | D:5      | Killed a hornet
  4378 | D:5      | Reached skill level 8 in Polearms
  4378 | D:5      | Reached XP level 9. HP: 49/69 MP: 9/9
  4425 | D:5      | Found an ancient bone altar of Kikubaaqudgha.
  4427 | D:5      | Edmund changed into Edmund the killer bee
  4427 | D:5      | Noticed Edmund
  4430 | D:5      | Killed Edmund the killer bee
  4435 | D:5      | Received a gift from Nemelex Xobeh
  4544 | D:5      | Reached skill level 1 in Invocations
  4954 | D:6      | Noticed Prince Ribbit
  4970 | D:6      | Killed Prince Ribbit
  4971 | D:6      | Reached skill level 9 in Polearms
  4973 | D:6      | Found Uskunam's Magic Scroll Shoppe.
  4982 | D:6      | Bought a scroll of teleportation for 39 gold pieces
  5174 | D:6      | Noticed a hornet
  5181 | D:6      | Killed a hornet
  5187 | D:6      | Found a blossoming altar of Fedhas.
  5205 | D:6      | Reached XP level 10. HP: 77/77 MP: 12/12
  5300 | D:6      | Received a gift from Nemelex Xobeh
  5591 | D:6      | Found a runed translucent door.
  5592 | D:6      | Noticed Crazy Yiuf
  5704 | D:6      | Killed Crazy Yiuf
  6054 | D:7      | Reached **** piety under Nemelex Xobeh
  6136 | D:7      | Received a gift from Nemelex Xobeh
  6170 | D:7      | Reached skill level 10 in Polearms
  6200 | D:7      | Found a large runed translucent door.
  6200 | D:7      | Noticed Duvessa
  6201 | D:7      | Found a large runed translucent door.
  6201 | D:7      | Noticed Dowan
  6211 | D:7      | Killed Dowan
  6216 | D:7      | Killed Duvessa
  6276 | D:7      | Noticed petzl's ghost (novice FoDe)
  6681 | D:7      | Found a staircase to the Ecumenical Temple.
  6886 | D:8      | Identified the +8 hand axe "Esip" {speed, rF+}
  6940 | D:8      | Found a flagged portal.
  6947 | D:8      | Paralysed by an orc priest for 5 turns
  7033 | Bailey   | Entered a bailey
  7135 | Bailey   | Reached skill level 5 in Invocations
  7415 | Bailey   | Reached XP level 11. HP: 73/86 MP: 13/15
  7485 | Bailey   | Reached skill level 11 in Polearms
  7533 | Bailey   | Noticed an orc warlord
  7544 | Bailey   | Killed an orc warlord
  7822 | D:8      | Reached skill level 12 in Polearms
  7822 | D:8      | Reached XP level 12. HP: 95/95 MP: 15/17
  8202 | D:9      | Found Gohohe Deke's Armour Shop.
  8275 | D:9      | Reached ***** piety under Nemelex Xobeh
  8290 | D:9      | Found a glowing silver altar of Zin.
  8291 | D:9      | Found a stormy altar of Qazlal.
  8318 | D:9      | Found a transporter.
  8411 | D:9      | Received a gift from Nemelex Xobeh
  8683 | D:9      | Noticed a two-headed ogre
  8697 | D:9      | Killed a two-headed ogre
  8698 | D:9      | Reached skill level 13 in Polearms
  8744 | D:9      | Found Hejyzepp's Antique Armour Shop.
  8746 | D:9      | Found a transporter.
  8881 | D:10     | Entered Level 10 of the Dungeon
  8889 | D:10     | Learned a level 2 spell: Blink
  8893 | D:10     | Learned a level 3 spell: Confusing Touch
  9021 | D:10     | Received a gift from Nemelex Xobeh
  9200 | D:10     | Received a gift from Nemelex Xobeh
  9278 | D:10     | Found a snail-covered altar of Cheibriados.
  9753 | D:11     | Reached skill level 1 in Translocations
  9816 | D:11     | Noticed Snorg
  9827 | D:11     | Noticed a boulder beetle
  9833 | D:11     | Found a staircase to the Lair.
  9883 | D:11     | Killed a boulder beetle
  9942 | D:11     | Received a gift from Nemelex Xobeh
  9959 | D:11     | Noticed a two-headed ogre
  9973 | D:11     | Killed a two-headed ogre
 10043 | D:10     | Reached skill level 10 in Dodging
 10122 | D:11     | Reached skill level 10 in Fighting
 10127 | D:11     | Noticed a sun demon
 10133 | D:11     | Killed a sun demon
 10134 | D:11     | Reached XP level 13. HP: 76/103 MP: 19/19
 10330 | D:11     | Killed Snorg
 10380 | D:11     | Reached skill level 14 in Polearms
 10510 | D:11     | Reached ****** piety under Nemelex Xobeh
 10838 | D:12     | Found a staircase to the Orcish Mines.
 10887 | D:12     | Noticed Psyche
 10905 | D:12     | Killed Psyche
 10915 | D:12     | Reached skill level 1 in Armour
 10923 | D:12     | Noticed Fannar
 10936 | D:12     | Killed Fannar
 11284 | D:12     | Noticed Urug
 11288 | D:12     | Killed Urug
 11289 | D:12     | Reached skill level 5 in Translocations
 11459 | D:13     | Received a gift from Nemelex Xobeh
 11545 | D:13     | Noticed a centaur warrior
 11551 | D:13     | Killed a centaur warrior
 11552 | D:13     | Identified the -1 trident of Evisceration {freeze, rC+
                  | Str-2 Int+2}
 11742 | D:13     | Noticed a centaur warrior
 11752 | D:13     | Killed a centaur warrior
 11753 | D:13     | Reached skill level 10 in Invocations
 12319 | Lair:1   | Entered Level 1 of the Lair of Beasts
 12389 | Lair:1   | Found a frozen archway.
 12401 | IceCv    | Entered an ice cave
 12750 | IceCv    | Received a gift from Nemelex Xobeh
 13191 | IceCv    | Noticed a reaper
 13200 | IceCv    | a reaper changed into a green death
 13200 | IceCv    | Noticed a green death
 13206 | IceCv    | Killed a green death
 13307 | IceCv    | Reached XP level 14. HP: 111/111 MP: 21/21
 13644 | Lair:1   | Identified the +2 long sword of Mehexeor {venom, rElec
                  | Will+ Str-5 Int+3}
 13935 | Lair:1   | Reached skill level 15 in Polearms
 14208 | Lair:2   | Found a gate leading to a gauntlet.
 14290 | Gauntlet | Entered a Gauntlet
 14290 | Gauntlet | Found a transporter.
 14290 | Gauntlet | Found a transporter.
 14291 | Gauntlet | Found a transporter.
 14294 | Gauntlet | Found a transporter.
 14307 | Gauntlet | Found a transporter.
 14317 | Gauntlet | Found a transporter.
 14332 | Gauntlet | Found a transporter.
 14342 | Gauntlet | Found a transporter.
 14357 | Gauntlet | Found a transporter.
 14363 | Gauntlet | Found a transporter.
 14376 | Gauntlet | Received a gift from Nemelex Xobeh
 14389 | Gauntlet | Found a transporter.
 14394 | Gauntlet | Found a transporter.
 14394 | Gauntlet | Found the crystal ball of Wucad Mu {*channel}
 14545 | Gauntlet | Identified the +1 pair of gloves of Gozag's Hatred
                  | {*Corrode rElec Will+}
 14640 | Gauntlet | Identified the +1 cloak of Daisies {rPois}
 14715 | Gauntlet | Identified the +4 flail of Risk Management {heavy, rCorr}
 14715 | Gauntlet | Noticed a minotaur
 14729 | Gauntlet | Killed a minotaur
 14742 | Gauntlet | Got the Directory of Accompaniment
 14902 | Lair:2   | Reached skill level 16 in Polearms
 15010 | Lair:2   | Reached skill level 5 in Armour
 15010 | Lair:2   | Reached skill level 1 in Evocations
 15333 | Lair:2   | Found a hole to the Spider Nest.
 15443 | Lair:2   | Received a gift from Nemelex Xobeh
 15772 | Lair:3   | Found a staircase to the Shoals.
 16096 | Lair:3   | Received a gift from Nemelex Xobeh
 16965 | Lair:4   | Received a gift from Nemelex Xobeh
 17079 | Lair:4   | Reached XP level 15. HP: 119/120 MP: 22/22
 17423 | Lair:4   | Reached skill level 5 in Evocations
 17516 | Lair:4   | Received a gift from Nemelex Xobeh
 17576 | Lair:4   | Found a staircase to the Slime Pits.
 17576 | Lair:4   | Found a viscous altar of Jiyva.
 17842 | Lair:5   | Entered Level 5 of the Lair of Beasts
 17941 | Lair:5   | Received a gift from Nemelex Xobeh
 19063 | Lair:5   | Received a gift from Nemelex Xobeh
 19365 | Lair:5   | Paralysed by a hornet for 1 turns
 19662 | Lair:5   | Identified the +2 scale mail of Puckish Lucidity {Dex+3
                  | Slay+2}
 19701 | Lair:5   | Identified the +10 dagger of a Labyrinth {freeze, Drain rF+
                  | Int+3 Dex+3}
 20081 | Orc:1    | Entered Level 1 of the Orcish Mines
 20160 | Orc:1    | Received a gift from Nemelex Xobeh
 20179 | Orc:1    | Noticed Jorgrun
 20203 | Orc:1    | Killed Jorgrun
 20209 | Orc:1    | Noticed an orc warlord
 20221 | Orc:1    | Killed an orc warlord
 20293 | Orc:1    | Found Raechomp's Armour Shop.
 20373 | Orc:2    | Entered Level 2 of the Orcish Mines
 20429 | Orc:2    | Found a staircase to the Elven Halls.
 20517 | Orc:2    | Noticed Erolcha
 20518 | Orc:2    | Erolcha changed into Erolcha the warg
 20518 | Orc:2    | Noticed Erolcha
 20525 | Orc:2    | Killed Erolcha the warg
 20560 | Orc:2    | Reached XP level 16. HP: 107/131 MP: 23/25
 20944 | Orc:2    | Received a gift from Nemelex Xobeh
 21806 | Orc:2    | Found Hipodas's Weapon Shop.
 21809 | Orc:2    | Found Zoumm's Assorted Antiques.
 21810 | Orc:2    | Found Jainopy's Distillery.
 21811 | Orc:2    | Found Jeamamof's Book Shop.
 21814 | Orc:2    | Bought a potion of enlightenment for 85 gold pieces
 21840 | Orc:2    | Bought a potion of haste for 170 gold pieces
 21843 | Orc:2    | Bought a book of Misfortune for 540 gold pieces
 21849 | Orc:2    | Learned a level 5 spell: Yara's Violent Unravelling
 21907 | Orc:1    | Found a burning altar of Makhleb.
 22323 | D:13     | Received a gift from Nemelex Xobeh
 22363 | D:13     | Found a portal to a secret trove of treasure.
 22657 | D:13     | Found a gate to the Vaults.
 23116 | D:14     | Received a gift from Nemelex Xobeh
 23581 | D:14     | Reached skill level 10 in Armour
 23779 | D:14     | Received a gift from Nemelex Xobeh
 23934 | D:15     | Entered Level 15 of the Dungeon
 24037 | D:15     | Found a staircase to the Depths.
 24217 | D:15     | Received a gift from Nemelex Xobeh
 25105 | Orc:2    | Bought a scroll of blinking for 232 gold pieces
 25105 | Orc:2    | Bought a scroll of enchant armour for 232 gold pieces
 25268 | Spider:1 | Entered Level 1 of the Spider Nest
 25497 | Spider:1 | Learned a level 2 spell: Lesser Beckoning
 25780 | Lair:2   | Reached skill level 1 in Hexes
 25878 | Lair:2   | Reached XP level 17. HP: 126/140 MP: 27/27
 26013 | Spider:1 | Received a gift from Nemelex Xobeh
 26467 | Spider:1 | Paralysed by a jorogumo for 1 turns
 26780 | Spider:1 | Paralysed by a jorogumo for 3 turns
 27081 | Spider:2 | Received a gift from Nemelex Xobeh
 27111 | Spider:2 | Noticed Roxanne
 27708 | Spider:2 | Reached skill level 17 in Polearms
 27819 | Spider:2 | Received a gift from Nemelex Xobeh
 28472 | Spider:2 | Reached skill level 15 in Fighting
 28572 | Spider:2 | Noticed Azrael
 28753 | Spider:2 | Killed Azrael
 28881 | Spider:2 | Received a gift from Nemelex Xobeh
 29044 | Spider:2 | Reached skill level 5 in Hexes
 29832 | Spider:3 | Received a gift from Nemelex Xobeh
 29991 | Spider:3 | Reached XP level 18. HP: 130/149 MP: 29/29
 30681 | Spider:4 | Entered Level 4 of the Spider Nest
 30690 | Spider:4 | Received a gift from Nemelex Xobeh
 30709 | Spider:4 | Reached skill level 15 in Invocations
 30981 | Spider:4 | Noticed Louise
 30992 | Spider:4 | Identified the +0 hand axe of a sewer {vamp, rF- rC- SInv
                  | Stlth+}
 31028 | Spider:4 | Killed Louise
 31163 | Spider:4 | Noticed Arachne
 31632 | Spider:4 | Killed Arachne
 31647 | Spider:4 | Reached skill level 18 in Polearms
 33248 | Spider:4 | Reached skill level 19 in Polearms
 33821 | Spider:4 | Got a gossamer rune of Zot
 34047 | Shoals:1 | Entered Level 1 of the Shoals
 34058 | Shoals:1 | Received a gift from Nemelex Xobeh
 34323 | Shoals:1 | Reached XP level 19. HP: 134/157 MP: 30/30
 34587 | Shoals:1 | Noticed Onluw's ghost (adept DsWn)
 34596 | Shoals:1 | Found a transporter.
 34598 | Shoals:1 | Found a transporter.
 34606 | Shoals:1 | Received a gift from Nemelex Xobeh
 35105 | Shoals:2 | Found a flickering gateway to a bazaar.
 35137 | Bazaar   | Entered a bazaar
 35137 | Bazaar   | Found Ziant's General Store.
 35137 | Bazaar   | Found Mebygala's Jewellery Shoppe.
 35138 | Bazaar   | Found Yhoocweh's Antique Weapon Emporium.
 35138 | Bazaar   | Found Keipes's Antique Armour Emporium.
 35262 | Shoals:2 | Found Abbaengu's Antique Armour Emporium.
 35417 | Shoals:2 | Reached skill level 20 in Polearms
 35498 | Shoals:2 | Found Vaozek's Book Shop.
 35499 | Shoals:2 | Noticed Mlioglotl
 35503 | Shoals:2 | Noticed a walking earthen tome
 35609 | Shoals:2 | Killed Mlioglotl
 35695 | Shoals:2 | Received a gift from Nemelex Xobeh
 36408 | Shoals:3 | Identified the +2 long sword "Qiedaoc" {spect, rN+}
 36419 | Shoals:3 | Reached skill level 21 in Polearms
 36535 | Shoals:3 | Identified the +0 orcbow "Ogreslayer" {flame, Contam rElec
                  | rN++}
 36644 | Shoals:3 | Found Marublul's Weapon Shoppe.
 36721 | Shoals:3 | Received a gift from Nemelex Xobeh
 37078 | Shoals:4 | Entered Level 4 of the Shoals
 37375 | Shoals:4 | Found a blossoming altar of Fedhas.
 37607 | Shoals:4 | Paralysed by an air elemental for 1 turns
 37802 | Shoals:4 | Paralysed by an air elemental for 1 turns
 38017 | Shoals:4 | Paralysed by an air elemental for 1 turns
 38135 | Shoals:4 | Received a gift from Nemelex Xobeh
 38606 | Shoals:4 | Reached skill level 22 in Polearms
 38680 | Shoals:4 | Noticed a titan
 38692 | Shoals:4 | Killed a titan
 38693 | Shoals:4 | Reached XP level 20. HP: 31/164 MP: 31/31
 38819 | Shoals:4 | Got a barnacled rune of Zot
 39107 | Shoals:4 | Paralysed by an air elemental for 1 turns
 39357 | Vaults:1 | Entered Level 1 of the Vaults
 39443 | Vaults:1 | Received a gift from Nemelex Xobeh
 39601 | Vaults:1 | Noticed Asterion
 39639 | Vaults:1 | Killed Asterion
 39724 | Vaults:1 | Noticed Nikola
 39740 | Vaults:1 | Nikola changed into Nikola the fenstrider witch
 39740 | Vaults:1 | Noticed Nikola
 39746 | Vaults:1 | Killed Nikola the fenstrider witch
 39755 | Vaults:1 | Noticed Donald
 39773 | Vaults:1 | Killed Donald
 39982 | Vaults:1 | Received a gift from Nemelex Xobeh
 40199 | Vaults:1 | Noticed Aizul
 40217 | Vaults:1 | Killed Aizul
 40508 | Vaults:1 | Found Ocaang's Jewellery Shoppe.
 40516 | Vaults:1 | Bought the ring of Obsession {rF+ rN+ Int+3} for 680 gold
                  | pieces
 40576 | Vaults:1 | Received a gift from Nemelex Xobeh
 40970 | Vaults:1 | Received a gift from Nemelex Xobeh
 41439 | Vaults:2 | Found a crumbling gateway.
 41462 | Desolati | Entered the Desolation of Salt
 41704 | Desolati | Reached skill level 23 in Polearms
 41771 | Desolati | Reached XP level 21. HP: 104/172 MP: 32/32
 42004 | Desolati | Identified the ring of Zokavaati {rElec rPois Will+ Int+3
                  | Slay+2}
 42025 | Desolati | HP: 7/169 [saltling (18)]
 42025 | Desolati | Mangled by a saltling

Illustrated notes

Levels and vault maps discovered:
D:1:      dpeg_arrival_pits, layout_basic
D:2:      kennysheep_big_flooded_room, layout_loops_ring, minmay_misc_feat_x
D:3:      layout_rooms, gammafunk_temple_overflow_forgotten,
          mainiacjoe_overflow_chevrons
D:4:      layout_basic, portal_sewer_entry_d
D:5:      layout_cave_pools, lemuel_round_altar, minmay_gold_behind_fungi,
          minmay_divided_ellipse, uniq_edmund
D:6:      layout_loops_ring, fedhas_ov_isle_minmay, serial_shops,
          nicolae_shop_getting_attention, hangedman_decor_slide_cut,
          uniq_prince_ribbit1, uniq_crazy_yiuf_cottage
D:7:      layout_basic, lemuel_temple_firewalk_b, ebering_ghost_disaster_area,
          uniq_duvessa
D:8:      layout_rooms, enter_bailey_2, minmay_crystal_room
D:9:      layout_long_grid, grunt_temple_overflow_open, serial_shops, shop,
          nicolae_shop_drivethru, minmay_stone_trees_small,
          minmay_misc_feat_more_columns
D:10:     layout_irregular_city, cheibriados_altar_1, chequers_mini_garden,
          grunt_decor_resistance, minmay_misc_feat_columns, serial_park_tiny_2
D:11:     layout_loops_ring, due_lair_maze_entry_diamond, serial_demonic,
          serial_demonic_g, serial_demonic_d, serial_demonic_c,
          serial_demonic_a, serial_demonic_e, serial_demonic_d,
          serial_demonic_g, serial_demonic_c, serial_demonic_b,
          serial_demonic_b, nrook_pool_corridor, uniq_snorg
D:12:     layout_basic, orc_david_3, drop_trap, uniq_urug, uniq_psyche,
          uniq_fannar
D:13:     layout_roguey, hangedman_vaults_entry_quadrant_bands,
          nicolae_trove_entry_diagonal
D:14:     layout_loops_corners, kennysheep_path_1, kb_tengu_band
D:15:     gammafunk_depths_entry_grave, layout_long_grid
Lair:1:   layout_chaotic_city, portal_ice_cave_entry_pillars_2
Lair:2:   layout_misc_corridors, nicolae_spider_entry_non_spiders,
          gauntlet_entry_generic, grunt_megastairs_2
Lair:3:   layout_long_grid, minmay_shoals_entry_lonely_mermaid,
          serial_bayou_lake_a
Lair:4:   layout_regular_city, slime_entry_1, grunt_megastairs_4
Lair:5:   minmay_lair_end_enchanted_forest, layout_concentric_octagons
Shoals:1: layout_shoals, ebering_ghost_davey_jones
Shoals:2: layout_shoals, serial_shops, bzr_entry_safe, nicolae_shop_mannequins,
          nicolae_shop_crystal, nicolae_shoals_aquamancer_cove, uniq_mlioglotl
Shoals:3: layout_shoals, serial_shops, nicolae_shop_bloodbath_and_beyond,
          st_shoals_ruin
Shoals:4: shoals_end_hellmonk_storm_palace [storm_palace_center_square,
          storm_palace_corner_grid, storm_palace_corner_altar,
          storm_palace_corner_reverse_hut, storm_palace_corner_blocked]
Spider:1: layout_spider_delve, nicolae_spider_world_wide_web
Spider:2: layout_chambers, nicolae_orb_island, uniq_roxanne, uniq_azrael
Spider:3: layout_spider_delve, drop_trap
Spider:4: guppyfry_spider_rune, uniq_louise, uniq_arachne
Orc:1:    layout_caves, basic_altar, serial_shops, shop, uniq_jorgrun
Orc:2:    st_orc_pillars, layout_diamond_mine, uniq_erolcha
Vaults:1: nicolae_vaults_windows_and_doors_thing, nicolae_vaults_puzzle_piece,
          ontoclasm_vaults_twist, ontoclasm_vaults_ligature,
          hangedman_vaults_restitches, nicolae_vaults_storage_closets_1,
          vaults_room_pool, nicolae_vaults_diamond_2,
          nicolae_vaults_storage_room_doors, nicolae_vaults_sightless_eye,
          vaults_dpeg_cross, nicolae_vaults_house_1, ontoclasm_vaults_gateway,
          nicolae_vaults_more_shelving_2, layout_vaults_chaotic_city,
          serial_shops, shop, uniq_aizul, uniq_asterion, uniq_nikola,
          uniq_donald
Vaults:2: portal_desolation_entry_garden, vaults_room_semicircle, v_misc_5,
          nicolae_vaults_library_corner, v_misc_29,
          nicolae_vaults_more_shelving_1, v_misc_23, v_rooms_6,
          layout_vaults_ring
Desolation

Skill      XL: |  1  2  3  4  5  6  7  8  9 10 11 12 13 14 15 16 17 18 19 20 |
---------------+-------------------------------------------------------------+-----
Polearms       | 4 5 6 8 9 10 12 13 14 16 17 19 22 23 | 23.1
Dodging        | 4 5 6 7 8 9 10 11 | 11.2
Fighting       | 4 5 6 8 9 10 11 13 14 15 16 | 16.7
Invocations    | 3 5 7 8 10 12 13 14 15 | 15.9
Translocations | 2 5 |  5.0
Armour         | 4 6 8 10 | 10.0
Evocations     | 4 6 |  6.0
Hexes          | 1 5 6 |  6.1

Action                     |  1- 3 |  4- 6 |  7- 9 | 10-12 | 13-15 | 16-18 | 19-21 || total
---------------------------+-------+-------+-------+-------+-------+-------+-------++-------
  Melee: Spear             |   136 |   111 |       |       |       |       |       ||   247
         Trident           |       |    77 |   150 |   442 |   117 |     5 |       ||   791
         Halberd           |       |       |       |       |  1438 |  1757 |   494 ||  3689
         Glaive            |       |       |       |       |       |   330 |       ||   330
         Bardiche          |       |       |       |       |       |     7 |   756 ||   763
   Cast: Apportation       |       |       |       |       |       |     2 |       ||     2
 Invoke: Draw Destruction  |       |       |     8 |    28 |    19 |    55 |    44 ||   154
         Draw Summoning    |       |       |       |     3 |    15 |    13 |    13 ||    44
         Draw Escape       |       |       |       |       |     2 |       |       ||     2
  Evoke: Wand              |       |       |       |       |    12 |    21 |     2 ||    35
    Use: Potion            |       |     1 |       |     3 |     9 |    12 |     3 ||    28
         Scroll            |       |     6 |     7 |    13 |     5 |    13 |     7 ||    51
   Stab: Sleeping          |       |       |       |       |     3 |     2 |       ||     5
         Distracted        |       |       |       |       |     5 |     3 |     1 ||     9
         Paralysed         |       |       |       |       |       |    10 |       ||    10
         Petrified         |       |       |       |       |       |     1 |       ||     1
         Petrifying        |       |       |       |       |       |       |     1 ||     1
 Armour: Robe              |    10 |       |       |       |       |       |       ||    10
         Ring mail         |    11 |    44 |       |       |       |       |       ||    55
         Leather armour    |       |     2 |    44 |    69 |       |       |       ||   115
         Acid dragon scale |       |       |       |    21 |   329 |   723 |   314 ||  1387
  Dodge: Dodged            |    66 |   108 |    95 |   309 |  1098 |  2215 |  1110 ||  5001
  Block: Orb               |    16 |    33 |     9 |       |       |       |       ||    58
         Reflection        |       |     1 |       |       |       |       |       ||     1

Table legend: (Time is in decaauts)
 A = Elapsed time spent in this place.
 B = Non-inter-level travel time spent in this place.
 C = Inter-level travel time spent in this place.
 D = Time resting spent in this place.
 E = Time spent auto-exploring this place.
 F = Levels seen in this place.
 G = Mean time per level.
                   A        B        C        D        E       F      G
               +--------+--------+--------+--------+--------+-----+--------+
         Total |  41302 |  39078 |   2224 |   6578 |  18245 |  37 | 1116.3 |
       Dungeon |  14817 |  13739 |   1078 |   1377 |   8403 |  15 |  987.8 |
          Lair |   6469 |   6135 |    334 |    893 |   3119 |   5 | 1293.8 |
        Shoals |   5222 |   4970 |    252 |   1032 |   2046 |   4 | 1305.5 |
   Spider Nest |   7922 |   7694 |    228 |   2025 |   2554 |   4 | 1980.5 |
  Orcish Mines |   2084 |   1771 |    313 |    125 |    715 |   2 | 1042.0 |
        Vaults |   2033 |   2016 |     17 |    334 |    985 |   2 | 1016.5 |
        Bazaar |     32 |     32 |      0 |      0 |     15 |   1 |   32.0 |
        Bailey |    637 |    637 |      0 |     36 |    156 |   1 |  637.0 |
      Ice Cave |   1024 |   1024 |      0 |    432 |    183 |   1 | 1024.0 |
    Desolation |    561 |    561 |      0 |    177 |      0 |   1 |  561.0 |
      Gauntlet |    495 |    495 |      0 |    143 |     68 |   1 |  495.0 |
               +--------+--------+--------+--------+--------+-----+--------+

Top non-repeatable levels by time:
Spider:4: 2578 daAuts
Shoals:4: 2109 daAuts
Spider:3: 2009 daAuts
Vaults:1: 1960 daAuts
Spider:2: 1941 daAuts
  Lair:5: 1703 daAuts
    D:13: 1627 daAuts
  Lair:2: 1535 daAuts
   Orc:2: 1476 daAuts
Spider:1: 1393 daAuts
     D:2: 1294 daAuts
  Lair:3: 1207 daAuts
  Lair:4: 1191 daAuts
    D:11: 1182 daAuts
Shoals:1: 1118 daAuts
